 Dungeon Crawl Stone Soup version 0.32-a0-900-g30fb1b0edc (webtiles) character file.

Game seed: 5893828649198007667

111 Frisco the Shooter (level 4, 0/33 HPs)
             Began as a Coglin Hunter on Apr 5, 2024.
             Slain by a gnoll
             ... wielding a +0 whip
              (4 damage)
             ... on level 3 of the Dungeon.
             The game lasted 00:01:51 (1175 turns).

Frisco the Shooter (Coglin Hunter)                  Turns: 1175, Time: 00:01:51

Health: 0/33       AC:  3    Str: 11    XL:     4   Next: 92%
Magic:  4/4        EV: 11    Int:  8    God:
Gold:   146        SH:  0    Dex: 20    Spells: 3/3 levels left

rFire   . . .        a - +2 sling {Noor}
rCold   . . .        d - +0 sling {Ishpreet}
rNeg    . . .        c - +0 leather armour
rPois   .            (no helmet)
rElec   .            (no cloak)
rCorr   .            (no gloves)
SInv    .            (no boots)
Will    .....        (amulet unavailable)
Stlth   ++           (ring unavailable)
HPRegen 0.25/turn    (ring unavailable)
MPRegen 0.09/turn    (no gizmo)

%: no passive effects
@: revving
A: off-hand wielding, slow wielding, warmup strikes, no jewellery
a: Invent Gizmo


You were on level 3 of the Dungeon.
You visited 1 branch of the dungeon, and saw 3 of its levels.

You collected 146 gold pieces.

Inventory:

Hand Weapons
 a - a +2 sling (weapon) {Noor}
 d - a +0 sling (offhand) {Ishpreet}
Armour
 c - a +0 leather armour (worn)
 o - a +1 pair of boots
Scrolls
 b - a scroll of butterflies
 e - a scroll of enchant weapon {unknown}
 h - a scroll of identify {unknown}
 i - 2 scrolls of blinking {unknown}
 k - a scroll of fog {unknown}
 l - a scroll of brand weapon {unknown}
 m - a scroll of poison {unknown}
Potions
 f - 2 potions of haste {unknown}
 g - a potion of heal wounds {unknown}
 j - a potion of might {unknown}
 n - a potion of resistance {unknown}


   Skills:
 - Level 2.0 Fighting
 + Level 5.5 Ranged Weapons
 - Level 1.7 Dodging
 - Level 0.7 Stealth


You had 3 spell levels left.
You didn't know any spells.
Your spell library contained the following spells:

 Spells                   Type           Power      Damage    Failure   Level
 Magic Dart               Conj           0%         1d3       50%         1
 Blink                    Tloc           0%         N/A       65%         2
 Call Imp                 Summ           0%         N/A       65%         2
 Ensorcelled Hibernation  Hex/Ice        0%         N/A       65%         2
 Call Canine Familiar     Summ           0%         N/A       86%         3
 Passwall                 Erth           0%         N/A       86%         3
 Sigil of Binding         Hex            0%         N/A       86%         3
 Swiftness                Air            0%         N/A       86%         3
 Dimensional Bullseye     Hex/Tloc       0%         N/A       99%         4


Dungeon Overview and Level Annotations

Branches:
Dungeon (3/15)

Altars:

Annotations:
D:1 ignis


Innate Abilities, Weirdness & Mutations

You can wield a second weapon in your off-hand.
It takes a long time for you to wield or remove held weapons.
Your first few attacks do less damage.
You cannot equip rings or amulets.


Message History

You are too injured to fight recklessly!
You are too injured to fight recklessly!
You are too injured to fight recklessly!
You are too injured to fight recklessly!
You are too injured to fight recklessly!
You are too injured to fight recklessly!
You are too injured to fight recklessly!
You are too injured to fight recklessly!
You are too injured to fight recklessly!
You are too injured to fight recklessly!
You are too injured to fight recklessly!
You are too injured to fight recklessly!
You are too injured to fight recklessly!
You are too injured to fight recklessly!
You are too injured to fight recklessly!
You are too injured to fight recklessly!
You are too injured to fight recklessly!
You are too injured to fight recklessly!
You are too injured to fight recklessly!
You are too injured to fight recklessly!
You are too injured to fight recklessly!
The gnoll attacks as it pursues you! The gnoll barely misses you.
There is a stone staircase leading down here.
The gnoll hits you from afar with a +4 halberd!
You climb downwards.
Found a shiny iron wand.
Found a stone staircase leading up.
There is a stone staircase leading up here.
Unknown command.
You shoot a sling bullet.
The sling bullet closely misses the gnoll.
You shoot a sling bullet. The sling bullet hits the gnoll.
The gnoll is almost dead.
The gnoll hits you with a +0 whip!
* * * LOW HITPOINT WARNING * * *
You shoot a sling bullet.
The sling bullet closely misses the gnoll.
You shoot a sling bullet. The sling bullet hits the gnoll.
The gnoll is almost dead.
The gnoll hits you with a +0 whip.
You die...

#####
#.@.#
#..g..#
####.##
/.# ###


You could see a gnoll.

Vanquished Creatures
  6 adders (D:2)
  2 dart slugs (D:1)
  3 endoplasms
  6 giant cockroaches
  2 hobgoblins (D:1)
  4 jackals (D:1)
  6 quokkas
  6 ball pythons
  5 bats (D:1)
  A frilled lizard (D:2)
  4 goblins
  4 kobolds
  3 rats
52 creatures vanquished.

Notes
Turn   | Place    | Note
-------+----------+-------------------------------------------
     0 | D:1      | Frisco the Coglin Hunter began the quest for the Orb.
     0 | D:1      | Reached XP level 1. HP: 16/16 MP: 1/1
    82 | D:1      | Reached skill level 4 in Ranged Weapons
    82 | D:1      | Reached XP level 2. HP: 22/22 MP: 2/2
   294 | D:1      | Reached XP level 3. HP: 22/27 MP: 3/3
   387 | D:1      | Found a faded altar of an unknown god.
   812 | D:2      | Reached skill level 5 in Ranged Weapons
   812 | D:2      | Reached XP level 4. HP: 33/33 MP: 4/4
  1175 | D:3      | Slain by a gnoll

Illustrated notes

Levels and vault maps discovered:
D:1:      ncdulo_smallfort, layout_basic, basic_ecumenical_altar,
          minmay_misc_feat_ornament
D:2:      minmay_general_purpose_star, layout_rooms, uniq_sigmund
D:3:      layout_basic, mainiacjoe_overflow_paths,
          nicolae_overflow_ecumenical_swirl

Skill      XL: |  1  2  3 |
---------------+----------+-----
Ranged Weapons | 4 5 |  5.5
Fighting       | |  2.0
Dodging        | |  1.7
Stealth        | |  0.7

Action                     |  1- 3 |  4- 6 || total
---------------------------+-------+-------++-------
   Fire: Sling             |   156 |    62 ||   218
 Armour: Leather armour    |     9 |     5 ||    14
  Dodge: Dodged            |    18 |     3 ||    21

Table legend: (Time is in decaauts)
 A = Elapsed time spent in this place.
 B = Non-inter-level travel time spent in this place.
 C = Inter-level travel time spent in this place.
 D = Time resting spent in this place.
 E = Time spent auto-exploring this place.
 F = Levels seen in this place.
 G = Mean time per level.
                   A        B        C        D        E       F      G
               +--------+--------+--------+--------+--------+-----+--------+
         Total |   1198 |   1106 |     92 |      0 |    887 |   3 |  399.3 |
       Dungeon |   1198 |   1106 |     92 |      0 |    887 |   3 |  399.3 |
               +--------+--------+--------+--------+--------+-----+--------+

Top non-repeatable levels by time:
     D:1: 659 daAuts
     D:2: 536 daAuts
     D:3: 1 daAuts
